Aeros vs Monsters

Created - Monday, February 23, 2015 at 23:44

Goals
1 2 3 T
Aeros 3 5 0 8
Monsters 0 0 1 1
Shots
1 2 3 T
Aeros 4 16 3 23
Monsters 4 10 8 22

1st period

1. Aeros , Jason Zucker 33 (Jon Landry) at 0:27
2. Aeros , Craig Cunningham 13 (Warren Peters) at 6:37
3. Aeros , Dana Tyrell 7 (Jason Zucker, Jani Hakanpaa) at 8:20

Penalties :
Raphael Bussieres (LAM) for Fighting (Major) at 0:35, Cam Janssen (HOU) for Fighting (Major) at 0:35, Cam Janssen (HOU) for instigated a fight (Minor) at 0:35, Cam Janssen (HOU) for instigated a fight (10 Minutes Misconduct) at 0:35, Farm Player33 (LAM) for High sticking (Minor) at 13:37

2nd period

4. Aeros , Dana Tyrell 8 (Jani Hakanpaa, Andrew Gordon) at 8:03 (SH)
5. Aeros , Matthew Pistilli 2 (Brodie Dupont, Colin Stuart) at 10:06
6. Aeros , Matthew Pistilli 3 (Colin Stuart, Ilari Melart) at 18:23
7. Aeros , Andrew Gordon 19 (Jason Zucker, Ilari Melart) at 18:43
8. Aeros , Dana Tyrell 9 (Jason Zucker, Andrew Gordon) at 19:13

Penalties :
Joel Chouinard (HOU) for Roughing (Minor) at 7:20, Raphael Bussieres (LAM) for Fighting (Major) at 10:09, Cam Janssen (HOU) for Fighting (Major) at 10:09, Matthew Corrente (LAM) for Fighting (Major) at 15:00, Brodie Dupont (HOU) for Fighting (Major) at 15:00

3rd period

9. Monsters , Matthew Corrente 3 (Ben Street, Farm Player35) at 16:54 (SH)

Penalties :
Matthew Corrente (LAM) for Fighting (Major) at 10:55, Cam Janssen (HOU) for Fighting (Major / Game Misconduct) at 10:55, Cam Janssen (HOU) for instigated a fight (Minor) at 10:55, Cam Janssen (HOU) for instigated a fight (10 Minutes Misconduct) at 10:55, Farm Player33 (LAM) for Holding (Minor) at 15:12

Goalie Stats

Harri Sateri (HOU), 21 saves from 22 shots - (0.955), W, 15-11-9, 60:00 minutes
Farm Player80 (LAM), 12 saves from 16 shots - (0.750), L, 1-53-1, 48:50 minutes
Farm Player100 (LAM), 3 saves from 7 shots - (0.429), 11:10 minutes

Players Stats for Aeros

Player Name              G  A  P  +/- PIM S  H  SB GA TA FO     MP     PP MP  PK MP  
------------------------------------------------------------------------------------
Andrew Gordon            1  2  3   5  0   1  5  0  0  1  5/5    21:26   1:45   4:36 
Bretton Stamler          0  0  0   2  0   2  0  1  1  0  0/0    17:11   0:00   0:31 
Brodie Dupont            0  1  1   1  5   0  1  1  1  0  3/3    10:09   0:00   0:00 
Cam Janssen              0  0  0   0  49  0  1  0  1  1  0/0     6:56   0:00   0:21 
Colin Stuart             0  2  2   2  0   0  0  0  2  0  0/0    14:16   1:45   1:01 
Craig Cunningham         1  0  1   0  0   1  2  1  6  1  2/2    17:26   2:13   1:01 
Dana Tyrell              3  0  3   5  0   7  1  0  1  0  3/10   19:13   0:00   4:16 
Danny Hobbs              0  0  0  -1  0   2  1  0  2  1  1/2    12:21   2:13   0:20 
Ilari Melart             0  2  2   3  0   0  0  1  0  1  0/0    13:03   0:00   0:00 
Jani Hakanpaa            0  2  2   3  0   1  2  3  0  3  0/0    23:27   2:35   4:15 
Jason Zucker             1  3  4   4  0   3  0  2  4  1  0/2    14:50   0:00   0:00 
Joel Chouinard           0  0  0   2  2   0  2  0  0  1  0/0    20:03   1:23   1:11 
Jon Landry               0  1  1   2  0   2  0  4  1  2  0/0    26:23   2:35   4:15 
Matthew Pistilli         2  0  2   1  0   2  1  0  2  0  1/1    17:21   1:27   0:00 
Mike Ullrich             0  0  0   0  0   0  4  0  0  0  2/5     9:37   0:00   0:00 
Patrick Wey              0  0  0   2  0   1  2  0  0  2  0/0    19:53   1:23   1:42 
Scott Campbell           0  0  0   2  0   0  2  0  2  0  0/0    14:29   0:46   0:19 
Warren Peters            0  1  1   1  0   1  1  0  3  0  3/11   15:54   1:45   0:00 

Players Stats for Monsters

Player Name              G  A  P  +/- PIM S  H  SB GA TA FO     MP     PP MP  PK MP  
------------------------------------------------------------------------------------
Andrej Nestrasil         0  0  0  -2  0   2  2  0  1  0  7/11   23:09   2:35   1:50 
Andrew Joudrey           0  0  0  -2  0   0  2  2  3  4  0/5    19:26   1:31   1:59 
Ben Street               0  1  1  -2  0   3  1  2  2  3  10/13  19:25   0:00   1:29 
Brett Hextall            0  0  0  -3  0   1  2  1  5  1  0/0    20:39   2:58   0:00 
Farm Player13            0  0  0  -1  0   0  1  2  1  1  0/0    21:53   2:43   1:37 
Farm Player17            0  0  0  -1  0   0  0  1  0  0  0/0    18:43   2:41   0:33 
Farm Player18            0  0  0  -1  0   0  0  0  0  0  0/0     8:40   0:00   0:36 
Farm Player32            0  0  0   0  0   0  0  0  0  0  0/0     0:00   0:00   0:00 
Farm Player33            0  0  0  -5  4   0  0  1  0  3  0/0    18:13   0:54   0:00 
Farm Player35            0  1  1  -2  0   0  1  0  0  1  0/0    15:54   0:00   1:35 
Farm Player39            0  0  0  -2  0   1  1  0  0  0  0/1    12:53   0:00   0:00 
Gleason Fournier         0  0  0  -3  0   2  1  1  0  1  0/0    23:19   3:16   2:36 
Jordan Szwarz            0  0  0  -2  0   4  3  0  5  1  1/2    18:24   2:59   0:19 
Justin Mercier           0  0  0   0  0   0  0  0  0  0  0/0     0:00   0:00   0:00 
Matthew Corrente         1  0  1  -1  10  2  2  1  0  1  0/0    21:46   2:20   2:43 
Max Friberg              0  0  0  -3  0   5  4  0  4  2  0/1    21:58   2:46   0:19 
Raphael Bussieres        0  0  0  -3  10  2  0  1  2  0  3/3    16:14   2:04   0:00 
Tanner Richard           0  0  0  -3  0   0  2  0  3  0  0/5    15:24   2:58   0:20 

3 Stars

1 - Dana Tyrell (HOU)
2 - Andrew Gordon (HOU)
3 - Jason Zucker (HOU)

Power Play

Aeros - 0 on 2 Attempt(s) - 0.00%
Monsters - 0 on 3 Attempt(s) - 0.00%

Penalty Kill

Aeros - 3 on 3 Attempt(s) - 100.00% - Score 1 goal in Penalty Kill
Monsters - 2 on 2 Attempt(s) - 100.00% - Score 1 goal in Penalty Kill

Team Stat

Aeros - Hits : 25 - Faceoff Wins : 20 - Blocked Shots : 13 - Penalty Minutes : 56
Monsters - Hits : 22 - Faceoff Wins : 21 - Blocked Shots : 12 - Penalty Minutes : 24

Official

Referees : Unknown
Linesman : Unknown

Game Notes

Raphael Bussieres and Cam Janssen fight to a draw at 0:35 of 1st period
Farm Player100 enters game at 8:03 of 2nd period
Raphael Bussieres beats up Cam Janssen at 10:09 of 2nd period
Matthew Corrente and Brodie Dupont fight to a draw at 15:00 of 2nd period
Dana Tyrell has scored a Hat Trick!
Farm Player80 enters game at 19:13 of 2nd period
Matthew Corrente and Cam Janssen fight to a draw at 10:55 of 3rd period
Cam Janssen ejected from game at 10:55 of 3rd period

Finance

Level 1 -- Attendance: 1373 (68.65%) -- Ticket Income $48,055
Level 2 -- Attendance: 804 (80.40%) -- Ticket Income $12,060
Total Attendance: 2177 (72.57%)
Total Ticket Income: $60,115
Other Income: $29,456
Total Income: $89,571

Aeros

5 vs 5 Forward 
   Center                   Left Wing                Right Wing               Time % Phy DF OF 
 1 Dana Tyrell              Jason Zucker             Andrew Gordon            35     1   2  2  
 2 Warren Peters            Craig Cunningham         Cam Janssen              30     1   2  2  
 3 Brodie Dupont            Colin Stuart             Matthew Pistilli         22     1   2  2  
 4 Mike Ullrich             Scott Campbell           Danny Hobbs              13     1   2  2  

5 vs 5 Defense 
   Defense                  Defense                                           Time % Phy DF OF 
 1 Jon Landry               Patrick Wey                                       35     1   2  2  
 2 Bretton Stamler          Joel Chouinard                                    30     1   2  2  
 3 Ilari Melart             Jani Hakanpaa                                     22     1   2  2  
 4 Jon Landry               Jani Hakanpaa                                     13     1   2  2  

PowerPlay Forward 
   Center                   Left Wing                Right Wing               Time % Phy DF OF 
 1 Warren Peters            Colin Stuart             Andrew Gordon            60     1   2  2  
 2 Danny Hobbs              Craig Cunningham         Cam Janssen              40     1   2  2  

PowerPlay Defense
   Defense                  Defense                                           Time % Phy DF OF 
 1 Jani Hakanpaa            Jon Landry                                        60     1   2  2  
 2 Joel Chouinard           Patrick Wey                                       40     1   2  2  

Penalty Kill 4 Players Forward 
   Center                   Wing                     Time % Phy DF OF 
 1 Andrew Gordon            Dana Tyrell              60     1   2  2  
 2 Craig Cunningham         Colin Stuart             40     1   2  2  

Penalty Kill 4 Players Defense
   Defense                  Defense                  Time % Phy DF OF 
 1 Jani Hakanpaa            Jon Landry               60     1   2  2  
 2 Joel Chouinard           Patrick Wey              40     1   2  2  

Penalty Kill - 3 Players Forward 
   Forward                                           Time % Phy DF OF 
 1 Andrew Gordon                                     60     1   2  2  
 2 Dana Tyrell                                       40     1   2  2  

Penalty Kill - 3 Players Defense
   Defense                  Defense                  Time % Phy DF OF 
 1 Jani Hakanpaa            Jon Landry               60     1   2  2  
 2 Joel Chouinard           Patrick Wey              40     1   2  2  

4 vs 4 Forward 
   Center                   Wing                     Time % Phy DF OF 
 1 Andrew Gordon            Dana Tyrell              60     1   2  2  
 2 Craig Cunningham         Colin Stuart             40     1   2  2  

4 vs 4 Defense
   Defense                  Defense                  Time % Phy DF OF 
 1 Jani Hakanpaa            Jon Landry               60     1   2  2  
 2 Joel Chouinard           Patrick Wey              40     1   2  2  

Last Minutes Offensive
   Center                   Left Wing                Right Wing               Defense                  Defense                  
   Warren Peters            Dana Tyrell              Andrew Gordon            Patrick Wey              Jon Landry               

Last Minutes Defensive
   Center                   Left Wing                Right Wing               Defense                  Defense                  
   Warren Peters            Dana Tyrell              Andrew Gordon            Jani Hakanpaa            Jon Landry               

Goaltenders
Starting : Harri Sateri             
Backup : David Leggio             

Extra Forwards
Normal : Matthew Pistilli, Scott Campbell, Dana Tyrell - PP : Matthew Pistilli, Scott Campbell - PK : Cam Janssen
Extra Defensemen
Normal : Bretton Stamler, Jon Landry, Jani Hakanpaa - PP : Bretton Stamler - PK : Bretton Stamler, Jani Hakanpaa
Penalty Shots
Andrew Gordon, Jason Zucker, Craig Cunningham, Colin Stuart, Warren Peters

Monsters

5 vs 5 Forward 
   Center                   Left Wing                Right Wing               Time % Phy DF OF 
 1 Andrej Nestrasil         Max Friberg              Jordan Szwarz            35     1   2  2  
 2 Ben Street               Raphael Bussieres        Brett Hextall            30     1   2  2  
 3 Andrew Joudrey           Farm Player39            Andrej Nestrasil         22     1   2  2  
 4 Tanner Richard           Andrej Nestrasil         Max Friberg              13     1   2  2  

5 vs 5 Defense 
   Defense                  Defense                                           Time % Phy DF OF 
 1 Matthew Corrente         Gleason Fournier                                  35     1   2  2  
 2 Farm Player13            Farm Player17                                     30     1   2  2  
 3 Farm Player33            Farm Player35                                     22     1   2  2  
 4 Farm Player18            Matthew Corrente                                  13     1   2  2  

PowerPlay Forward 
   Center                   Left Wing                Right Wing               Time % Phy DF OF 
 1 Andrej Nestrasil         Max Friberg              Jordan Szwarz            60     1   2  2  
 2 Tanner Richard           Raphael Bussieres        Brett Hextall            40     1   2  2  

PowerPlay Defense
   Defense                  Defense                                           Time % Phy DF OF 
 1 Matthew Corrente         Gleason Fournier                                  60     1   2  2  
 2 Farm Player13            Farm Player17                                     40     1   2  2  

Penalty Kill 4 Players Forward 
   Center                   Wing                     Time % Phy DF OF 
 1 Andrej Nestrasil         Andrew Joudrey           60     1   2  2  
 2 Max Friberg              Jordan Szwarz            40     1   2  2  

Penalty Kill 4 Players Defense
   Defense                  Defense                  Time % Phy DF OF 
 1 Matthew Corrente         Gleason Fournier         60     1   2  2  
 2 Farm Player13            Farm Player17            40     1   2  2  

Penalty Kill - 3 Players Forward 
   Forward                                           Time % Phy DF OF 
 1 Andrej Nestrasil                                  60     1   2  2  
 2 Max Friberg                                       40     1   2  2  

Penalty Kill - 3 Players Defense
   Defense                  Defense                  Time % Phy DF OF 
 1 Matthew Corrente         Gleason Fournier         60     1   2  2  
 2 Farm Player13            Farm Player17            40     1   2  2  

4 vs 4 Forward 
   Center                   Wing                     Time % Phy DF OF 
 1 Andrej Nestrasil         Andrew Joudrey           60     1   2  2  
 2 Max Friberg              Jordan Szwarz            40     1   2  2  

4 vs 4 Defense
   Defense                  Defense                  Time % Phy DF OF 
 1 Matthew Corrente         Gleason Fournier         60     1   2  2  
 2 Farm Player13            Farm Player17            40     1   2  2  

Last Minutes Offensive
   Center                   Left Wing                Right Wing               Defense                  Defense                  
   Andrej Nestrasil         Max Friberg              Jordan Szwarz            Matthew Corrente         Gleason Fournier         

Last Minutes Defensive
   Center                   Left Wing                Right Wing               Defense                  Defense                  
   Andrej Nestrasil         Max Friberg              Jordan Szwarz            Matthew Corrente         Gleason Fournier         

Goaltenders
Starting : Farm Player80            
Backup : Farm Player100           

Extra Forwards
Normal : Andrew Joudrey, Tanner Richard, Andrej Nestrasil - PP : Andrew Joudrey, Tanner Richard - PK : Andrej Nestrasil
Extra Defensemen
Normal : Farm Player33, Farm Player35, Farm Player39 - PP : Farm Player33 - PK : Farm Player35, Farm Player39
Penalty Shots
Andrej Nestrasil, Farm Player17, Max Friberg, Jordan Szwarz, Andrew Joudrey

% Time on Ice - Aeros

Lines # - Real PCT - Wanted PCT - Time Play
Normal Forward
1 - 30% - 35% - 15:09
2 - 28% - 30% - 14:05
3 - 22% - 22% - 11:14
4 - 19% - 13% - 9:37
Normal Defense
1 - 33% - 35% - 16:22
2 - 35% - 30% - 17:29
3 - 26% - 22% - 13:03
4 - 6% - 13% - 3:11
PP Forward
1 - 44% - 60% - 1:45
2 - 56% - 40% - 2:13
PP Defense
1 - 65% - 60% - 2:35
2 - 35% - 40% - 1:23
PK Forward
1 - 83% - 60% - 4:56
2 - 17% - 40% - 1:01
PK Defense
1 - 71% - 60% - 4:15
2 - 29% - 40% - 1:42
PK3 Forward
1 - 0% - 60%
2 - 0% - 40%
PK3 Defense
1 - 0% - 60%
2 - 0% - 40%
44 Forward
1 - 0% - 60%
2 - 0% - 40%
44 Defense
1 - 0% - 60%
2 - 0% - 40%
Last Minute Offensive  - 0:00
Last Minute Defensive  - 0:00
Total
Forward - 60:00
Defense - 60:00

% Time on Ice - Monsters

Lines # - Real PCT - Wanted PCT - Time Play
Normal Forward
1 - 30% - 35% - 14:48
2 - 36% - 30% - 18:11
3 - 26% - 22% - 12:53
4 - 8% - 13% - 4:13
Normal Defense
1 - 35% - 35% - 17:27
2 - 28% - 30% - 13:50
3 - 26% - 22% - 13:08
4 - 11% - 13% - 5:40
PP Forward
1 - 50% - 60% - 2:59
2 - 50% - 40% - 2:58
PP Defense
1 - 55% - 60% - 3:16
2 - 45% - 40% - 2:41
PK Forward
1 - 92% - 60% - 3:39
2 - 8% - 40% - 0:19
PK Defense
1 - 86% - 60% - 3:25
2 - 14% - 40% - 0:33
PK3 Forward
1 - 0% - 60%
2 - 0% - 40%
PK3 Defense
1 - 0% - 60%
2 - 0% - 40%
44 Forward
1 - 0% - 60%
2 - 0% - 40%
44 Defense
1 - 0% - 60%
2 - 0% - 40%
Last Minute Offensive  - 0:00
Last Minute Defensive  - 0:00
Total
Forward - 60:00
Defense - 60:00

Play by Play

1st period


0:01 of 1st period - Andrej Nestrasil wins face-off versus Jason Zucker in neutral zone.
0:04 of 1st period - Wrist shot by Jordan Szwarz.
0:04 of 1st period - Stopped by Harri Sateri with a rebound.
0:06 of 1st period - Slapshot by Gleason Fournier.
0:06 of 1st period - Shot Misses the Net.
0:27 of 1st period - Wrist shot by Jason Zucker.
0:27 of 1st period - Goal by Jason Zucker - Aeros : 1 - Monsters : 0.
0:28 of 1st period - Ben Street wins face-off versus Warren Peters in neutral zone.
0:30 of 1st period - Off-side.
0:31 of 1st period - Ben Street wins face-off versus Warren Peters in neutral zone.
0:35 of 1st period - Raphael Bussieres and Cam Janssen fight to a draw.
0:35 of 1st period - Penalty to Raphael Bussieres for Fighting.
0:35 of 1st period - Penalty to Cam Janssen for Fighting.
0:35 of 1st period - Penalty to Cam Janssen for instigated a fight.
0:35 of 1st period - Penalty to Cam Janssen for instigated a fight.
0:36 of 1st period - Andrew Gordon wins face-off versus Andrej Nestrasil in Aeros zone.
1:27 of 1st period - Dana Tyrell is hit by Brett Hextall and loses puck.
2:04 of 1st period - Max Friberg is hit by Andrew Gordon and loses puck.
2:17 of 1st period - Craig Cunningham is hit by Max Friberg and loses puck.
2:28 of 1st period - Snap shot by Craig Cunningham.
2:28 of 1st period - Shot Misses the Net.
2:30 of 1st period - Slapshot by Patrick Wey.
2:30 of 1st period - Shot Blocked by Brett Hextall.
2:35 of 1st period - Penalty to Cam Janssen is over, Andrew Gordon is send on ice.
3:02 of 1st period - Brett Hextall is hit by Mike Ullrich and loses puck.
3:12 of 1st period - Icing by Farm Player35.
3:13 of 1st period - Warren Peters wins face-off versus Ben Street in Monsters zone.
3:56 of 1st period - Wrist shot by Colin Stuart.
3:56 of 1st period - Shot Misses the Net.
4:13 of 1st period - Wrist shot by Colin Stuart.
4:13 of 1st period - Shot Hit the Post.
5:10 of 1st period - Ben Street is hit by Patrick Wey and loses puck.
5:35 of 1st period - Icing by Tanner Richard.
5:36 of 1st period - Mike Ullrich wins face-off versus Tanner Richard in Monsters zone.
6:15 of 1st period - Ben Street is hit by Matthew Pistilli and loses puck.
6:35 of 1st period - Icing by Ben Street.
6:36 of 1st period - Warren Peters wins face-off versus Ben Street in Monsters zone.
6:37 of 1st period - Slapshot by Craig Cunningham.
6:37 of 1st period - Goal by Craig Cunningham - Aeros : 2 - Monsters : 0.
6:38 of 1st period - Craig Cunningham wins face-off versus Andrew Joudrey in neutral zone.
7:41 of 1st period - Off-side.
7:42 of 1st period - Dana Tyrell wins face-off versus Andrew Joudrey in neutral zone.
8:20 of 1st period - Wrist shot by Dana Tyrell.
8:20 of 1st period - Goal by Dana Tyrell - Aeros : 3 - Monsters : 0.
8:21 of 1st period - Andrej Nestrasil wins face-off versus Mike Ullrich in neutral zone.
9:43 of 1st period - Wrist shot by Jason Zucker.
9:43 of 1st period - Stopped by Farm Player80 with a rebound.
10:46 of 1st period - Icing by Craig Cunningham.
10:47 of 1st period - Raphael Bussieres wins face-off versus Warren Peters in Aeros zone.
11:30 of 1st period - Off-side.
11:31 of 1st period - Raphael Bussieres wins face-off versus Dana Tyrell in neutral zone.
11:40 of 1st period - Snap shot by Brett Hextall.
11:40 of 1st period - Shot Blocked by Jon Landry.
11:44 of 1st period - Wrist shot by Ben Street.
11:44 of 1st period - Stopped by Harri Sateri with a rebound.
12:26 of 1st period - Snap shot by Max Friberg.
12:26 of 1st period - Shot Blocked by Jon Landry.
12:40 of 1st period - Wrist shot by Ben Street.
12:40 of 1st period - Stopped by Harri Sateri with a rebound.
13:27 of 1st period - Snap shot by Matthew Pistilli.
13:27 of 1st period - Shot Misses the Net.
13:37 of 1st period - Minor Penalty to Farm Player33 for High sticking.
13:38 of 1st period - Danny Hobbs wins face-off versus Ben Street in Monsters zone.
14:39 of 1st period - Ben Street is hit by Scott Campbell and loses puck.
15:24 of 1st period - Andrew Joudrey is hit by Danny Hobbs.
15:34 of 1st period - Jordan Szwarz is hit by Jani Hakanpaa and loses puck.
15:35 of 1st period - 10 Minutes Misconduct Penalty to Cam Janssen is over.
15:37 of 1st period - Penalty to Farm Player33 is over, Farm Player33 is back on ice.
16:17 of 1st period - Raphael Bussieres is hit by Joel Chouinard.
17:02 of 1st period - Matthew Corrente is hit by Mike Ullrich and loses puck.
17:53 of 1st period - Matthew Pistilli is hit by Farm Player35 and loses puck.
18:23 of 1st period - Slapshot by Gleason Fournier.
18:23 of 1st period - Stopped by Harri Sateri without a rebound.
18:24 of 1st period - Warren Peters wins face-off versus Tanner Richard in Aeros zone.
18:35 of 1st period - Tanner Richard is hit by Craig Cunningham.
Goals for this period are 3 for Aeros vs 0 for Monsters.
Shots for this period are 4 for Aeros vs 4 for Monsters.

2nd period


0:01 of 2nd period - Jordan Szwarz wins face-off versus Dana Tyrell in neutral zone.
0:10 of 2nd period - Snap shot by Max Friberg.
0:10 of 2nd period - Stopped by Harri Sateri with a rebound.
0:12 of 2nd period - Snap shot by Gleason Fournier.
0:12 of 2nd period - Stopped by Harri Sateri with a rebound.
0:14 of 2nd period - Wrist shot by Andrej Nestrasil.
0:14 of 2nd period - Stopped by Harri Sateri with a rebound.
0:16 of 2nd period - Wrist shot by Max Friberg.
0:16 of 2nd period - Deflect By Jordan Szwarz.
0:16 of 2nd period - Shot Blocked by Jon Landry.
0:16 of 2nd period - Puck is out of play.
0:17 of 2nd period - Dana Tyrell wins face-off versus Andrej Nestrasil in Aeros zone.
0:28 of 2nd period - Backhand shot by Max Friberg.
0:28 of 2nd period - Shot Blocked by Jani Hakanpaa.
0:30 of 2nd period - Slapshot by Gleason Fournier.
0:30 of 2nd period - Shot Blocked by Jason Zucker.
0:32 of 2nd period - Snap shot by Jordan Szwarz.
0:32 of 2nd period - Deflect By Dana Tyrell.
0:32 of 2nd period - Stopped by Harri Sateri with a rebound.
0:34 of 2nd period - Snap shot by Jordan Szwarz.
0:34 of 2nd period - Stopped by Harri Sateri with a rebound.
0:36 of 2nd period - Snap shot by Andrej Nestrasil.
0:36 of 2nd period - Shot Misses the Net.
1:42 of 2nd period - Snap shot by Craig Cunningham.
1:42 of 2nd period - Shot Misses the Net.
1:44 of 2nd period - Wrist shot by Bretton Stamler.
1:44 of 2nd period - Stopped by Farm Player80 with a rebound.
1:46 of 2nd period - Snap shot by Joel Chouinard.
1:46 of 2nd period - Shot Blocked by Farm Player13.
1:48 of 2nd period - Slapshot by Joel Chouinard.
1:48 of 2nd period - Shot Blocked by Andrew Joudrey.
1:50 of 2nd period - Wrist shot by Bretton Stamler.
1:50 of 2nd period - Shot Misses the Net.
2:41 of 2nd period - Snap shot by Colin Stuart.
2:41 of 2nd period - Deflect By Ben Street.
2:41 of 2nd period - Shot Misses the Net.
2:41 of 2nd period - Puck is out of play.
2:42 of 2nd period - Ben Street wins face-off versus Mike Ullrich in Monsters zone.
2:42 of 2nd period - Ben Street is hit by Mike Ullrich.
2:53 of 2nd period - Wrist shot by Patrick Wey.
2:53 of 2nd period - Stopped by Farm Player80 with a rebound.
2:55 of 2nd period - Slapshot by Jon Landry.
2:55 of 2nd period - Deflect By Ben Street.
2:55 of 2nd period - Stopped by Farm Player80 with a rebound.
2:57 of 2nd period - Slapshot by Jon Landry.
2:57 of 2nd period - Shot Misses the Net.
2:59 of 2nd period - Snap shot by Danny Hobbs.
2:59 of 2nd period - Stopped by Farm Player80 with a rebound.
3:01 of 2nd period - Slapshot by Mike Ullrich.
3:01 of 2nd period - Shot Misses the Net.
3:03 of 2nd period - Slapshot by Patrick Wey.
3:03 of 2nd period - Shot Blocked by Ben Street.
3:05 of 2nd period - Wrist shot by Danny Hobbs.
3:05 of 2nd period - Stopped by Farm Player80 with a rebound.
3:07 of 2nd period - Snap shot by Jon Landry.
3:07 of 2nd period - Shot Misses the Net.
3:31 of 2nd period - Warren Peters is hit by Jordan Szwarz.
4:01 of 2nd period - Matthew Pistilli is hit by Tanner Richard and loses puck.
4:19 of 2nd period - Wrist shot by Farm Player39.
4:19 of 2nd period - Stopped by Harri Sateri with a rebound.
5:09 of 2nd period - Patrick Wey is hit by Andrew Joudrey and loses puck.
5:45 of 2nd period - Tanner Richard is hit by Cam Janssen and loses puck.
6:06 of 2nd period - Snap shot by Colin Stuart.
6:06 of 2nd period - Shot Misses the Net.
6:40 of 2nd period - Wrist shot by Jason Zucker.
6:40 of 2nd period - Shot Blocked by Ben Street.
6:48 of 2nd period - Raphael Bussieres is hit by Andrew Gordon and loses puck.
7:20 of 2nd period - Minor Penalty to Joel Chouinard for Roughing.
7:21 of 2nd period - Andrew Gordon wins face-off versus Andrew Joudrey in Aeros zone.
7:51 of 2nd period - Tanner Richard is hit by Andrew Gordon.
7:59 of 2nd period - Wrist shot by Dana Tyrell.
7:59 of 2nd period - Shot Blocked by Matthew Corrente.
8:01 of 2nd period - Wrist shot by Dana Tyrell.
8:01 of 2nd period - Stopped by Farm Player80 with a rebound.
8:03 of 2nd period - Wrist shot by Jani Hakanpaa.
8:03 of 2nd period - Deflect By Dana Tyrell.
8:03 of 2nd period - Goal by Dana Tyrell - Aeros : 4 - Monsters : 0.
8:03 of 2nd period - Farm Player100 enters game.
8:04 of 2nd period - Andrew Gordon wins face-off versus Andrej Nestrasil in neutral zone.
8:57 of 2nd period - Matthew Corrente is hit by Jani Hakanpaa and loses puck.
9:20 of 2nd period - Penalty to Joel Chouinard is over, Joel Chouinard is back on ice.
9:32 of 2nd period - Gleason Fournier is hit by Scott Campbell and loses puck.
9:43 of 2nd period - Snap shot by Mike Ullrich.
9:43 of 2nd period - Shot Blocked by Gleason Fournier.
9:45 of 2nd period - Slapshot by Bretton Stamler.
9:45 of 2nd period - Stopped by Farm Player100 without a rebound.
9:46 of 2nd period - Brodie Dupont wins face-off versus Andrew Joudrey in Monsters zone.
10:04 of 2nd period - Snap shot by Matthew Pistilli.
10:04 of 2nd period - Shot Misses the Net.
10:06 of 2nd period - Snap shot by Matthew Pistilli.
10:06 of 2nd period - Goal by Matthew Pistilli - Aeros : 5 - Monsters : 0.
10:07 of 2nd period - Ben Street wins face-off versus Warren Peters in neutral zone.
10:09 of 2nd period - Raphael Bussieres beats up Cam Janssen.
10:09 of 2nd period - Penalty to Raphael Bussieres for Fighting.
10:09 of 2nd period - Penalty to Cam Janssen for Fighting.
10:10 of 2nd period - Ben Street wins face-off versus Warren Peters in Aeros zone.
10:57 of 2nd period - Snap shot by Max Friberg.
10:57 of 2nd period - Stopped by Harri Sateri with a rebound.
10:59 of 2nd period - Slapshot by Andrej Nestrasil.
10:59 of 2nd period - Shot Misses the Net.
11:01 of 2nd period - Snap shot by Jordan Szwarz.
11:01 of 2nd period - Shot Blocked by Jon Landry.
11:03 of 2nd period - Snap shot by Andrej Nestrasil.
11:03 of 2nd period - Shot Misses the Net.
11:41 of 2nd period - Wrist shot by Ben Street.
11:41 of 2nd period - Deflect By Dana Tyrell.
11:41 of 2nd period - Stopped by Harri Sateri without a rebound.
11:42 of 2nd period - Ben Street wins face-off versus Mike Ullrich in Aeros zone.
12:08 of 2nd period - Joel Chouinard is hit by Max Friberg and loses puck.
12:15 of 2nd period - Slapshot by Max Friberg.
12:15 of 2nd period - Shot Misses the Net.
12:17 of 2nd period - Slapshot by Andrej Nestrasil.
12:17 of 2nd period - Shot Misses the Net.
12:19 of 2nd period - Snap shot by Andrej Nestrasil.
12:19 of 2nd period - Stopped by Harri Sateri with a rebound.
12:21 of 2nd period - Wrist shot by Max Friberg.
12:21 of 2nd period - Shot Blocked by Bretton Stamler.
13:11 of 2nd period - Brodie Dupont is hit by Andrej Nestrasil and loses puck.
13:36 of 2nd period - Slapshot by Andrew Joudrey.
13:36 of 2nd period - Shot Blocked by Brodie Dupont.
13:38 of 2nd period - Snap shot by Andrew Joudrey.
13:38 of 2nd period - Deflect By Farm Player39.
13:38 of 2nd period - Shot Blocked by Ilari Melart.
13:38 of 2nd period - Puck is out of play.
13:39 of 2nd period - Craig Cunningham wins face-off versus Andrew Joudrey in Aeros zone.
15:00 of 2nd period - Matthew Corrente and Brodie Dupont fight to a draw.
15:00 of 2nd period - Penalty to Matthew Corrente for Fighting.
15:00 of 2nd period - Penalty to Brodie Dupont for Fighting.
15:01 of 2nd period - Ben Street wins face-off versus Warren Peters in Aeros zone.
15:42 of 2nd period - Snap shot by Max Friberg.
15:42 of 2nd period - Shot Blocked by Jani Hakanpaa.
15:44 of 2nd period - Slapshot by Gleason Fournier.
15:44 of 2nd period - Deflect By Jordan Szwarz.
15:44 of 2nd period - Shot Misses the Net.
15:44 of 2nd period - Puck is out of play.
15:45 of 2nd period - Ben Street wins face-off versus Dana Tyrell in Aeros zone.
15:52 of 2nd period - Snap shot by Raphael Bussieres.
15:52 of 2nd period - Stopped by Harri Sateri without a rebound.
15:53 of 2nd period - Ben Street wins face-off versus Dana Tyrell in Aeros zone.
15:54 of 2nd period - Slapshot by Raphael Bussieres.
15:54 of 2nd period - Shot Misses the Net.
16:02 of 2nd period - Raphael Bussieres is hit by Andrew Gordon and loses puck.
16:30 of 2nd period - Snap shot by Jason Zucker.
16:30 of 2nd period - Shot Misses the Net.
16:42 of 2nd period - Joel Chouinard is hit by Andrej Nestrasil and loses puck.
16:51 of 2nd period - Jordan Szwarz is hit by Joel Chouinard and loses puck.
17:09 of 2nd period - Mike Ullrich is hit by Max Friberg.
17:21 of 2nd period - Wrist shot by Craig Cunningham.
17:21 of 2nd period - Shot Misses the Net.
17:39 of 2nd period - Slapshot by Cam Janssen.
17:39 of 2nd period - Shot Blocked by Raphael Bussieres.
17:45 of 2nd period - Cam Janssen is hit by Ben Street and loses puck.
18:21 of 2nd period - Wrist shot by Colin Stuart.
18:21 of 2nd period - Shot Misses the Net.
18:23 of 2nd period - Wrist shot by Matthew Pistilli.
18:23 of 2nd period - Goal by Matthew Pistilli - Aeros : 6 - Monsters : 0.
18:24 of 2nd period - Dana Tyrell wins face-off versus Tanner Richard in neutral zone.
18:39 of 2nd period - Snap shot by Dana Tyrell.
18:39 of 2nd period - Stopped by Farm Player100 with a rebound.
18:41 of 2nd period - Slapshot by Ilari Melart.
18:41 of 2nd period - Deflect By Jason Zucker.
18:41 of 2nd period - Stopped by Farm Player100 with a rebound.
18:43 of 2nd period - Wrist shot by Andrew Gordon.
18:43 of 2nd period - Goal by Andrew Gordon - Aeros : 7 - Monsters : 0.
18:44 of 2nd period - Ben Street wins face-off versus Dana Tyrell in neutral zone.
19:13 of 2nd period - Wrist shot by Dana Tyrell.
19:13 of 2nd period - Goal by Dana Tyrell - Aeros : 8 - Monsters : 0.
19:13 of 2nd period - Farm Player80 enters game.
19:14 of 2nd period - Matthew Pistilli wins face-off versus Jordan Szwarz in neutral zone.
19:25 of 2nd period - Wrist shot by Matthew Pistilli.
19:25 of 2nd period - Shot Misses the Net.
19:37 of 2nd period - Snap shot by Colin Stuart.
19:37 of 2nd period - Shot Misses the Net.
19:39 of 2nd period - Snap shot by Matthew Pistilli.
19:39 of 2nd period - Shot Blocked by Farm Player33.
19:41 of 2nd period - Slapshot by Jani Hakanpaa.
19:41 of 2nd period - Stopped by Farm Player80 with a rebound.
19:43 of 2nd period - Wrist shot by Matthew Pistilli.
19:43 of 2nd period - Shot Misses the Net.
19:45 of 2nd period - Slapshot by Jon Landry.
19:45 of 2nd period - Stopped by Farm Player80 with a rebound.
Goals for this period are 5 for Aeros vs 0 for Monsters.
Shots for this period are 16 for Aeros vs 10 for Monsters.

3rd period


0:01 of 3rd period - Andrej Nestrasil wins face-off versus Jason Zucker in neutral zone.
1:52 of 3rd period - Slapshot by Ilari Melart.
1:52 of 3rd period - Deflect By Matthew Pistilli.
1:52 of 3rd period - Shot Misses the Net.
1:52 of 3rd period - Puck is out of play.
1:53 of 3rd period - Brodie Dupont wins face-off versus Tanner Richard in Monsters zone.
1:58 of 3rd period - Slapshot by Max Friberg.
1:58 of 3rd period - Stopped by Harri Sateri with a rebound.
2:00 of 3rd period - Wrist shot by Tanner Richard.
2:00 of 3rd period - Deflect By Max Friberg.
2:00 of 3rd period - Stopped by Harri Sateri with a rebound.
3:01 of 3rd period - Joel Chouinard is hit by Brett Hextall and loses puck.
3:30 of 3rd period - Joel Chouinard is hit by Gleason Fournier and loses puck.
4:18 of 3rd period - Warren Peters is hit by Farm Player39 and loses puck.
5:09 of 3rd period - Wrist shot by Raphael Bussieres.
5:09 of 3rd period - Shot Blocked by Jani Hakanpaa.
5:44 of 3rd period - Snap shot by Jordan Szwarz.
5:44 of 3rd period - Shot Misses the Net.
5:46 of 3rd period - Slapshot by Max Friberg.
5:46 of 3rd period - Stopped by Harri Sateri without a rebound.
5:47 of 3rd period - Andrej Nestrasil wins face-off versus Dana Tyrell in Aeros zone.
5:48 of 3rd period - Snap shot by Jordan Szwarz.
5:48 of 3rd period - Stopped by Harri Sateri with a rebound.
6:04 of 3rd period - Jordan Szwarz is hit by Dana Tyrell and loses puck.
6:22 of 3rd period - Icing by Matthew Corrente.
6:23 of 3rd period - Mike Ullrich wins face-off versus Andrej Nestrasil in Monsters zone.
7:12 of 3rd period - Farm Player13 is hit by Warren Peters and loses puck.
7:21 of 3rd period - Snap shot by Cam Janssen.
7:21 of 3rd period - Shot Blocked by Farm Player17.
7:43 of 3rd period - Tanner Richard is hit by Brodie Dupont and loses puck.
7:52 of 3rd period - Ilari Melart is hit by Farm Player13 and loses puck.
8:11 of 3rd period - Wrist shot by Ben Street.
8:11 of 3rd period - Shot Misses the Net.
8:32 of 3rd period - Brodie Dupont is hit by Max Friberg.
8:56 of 3rd period - Slapshot by Max Friberg.
8:56 of 3rd period - Shot Blocked by Jason Zucker.
9:12 of 3rd period - Snap shot by Brett Hextall.
9:12 of 3rd period - Stopped by Harri Sateri with a rebound.
9:22 of 3rd period - Wrist shot by Dana Tyrell.
9:22 of 3rd period - Stopped by Farm Player80 with a rebound.
9:30 of 3rd period - Andrew Gordon is hit by Tanner Richard and loses puck.
9:50 of 3rd period - Jon Landry is hit by Andrew Joudrey.
10:08 of 3rd period - Jordan Szwarz is hit by Mike Ullrich and loses puck.
10:15 of 3rd period - Danny Hobbs is hit by Jordan Szwarz.
10:34 of 3rd period - Slapshot by Andrew Joudrey.
10:34 of 3rd period - Shot Blocked by Craig Cunningham.
10:36 of 3rd period - Wrist shot by Andrew Joudrey.
10:36 of 3rd period - Shot Hit the Post.
10:54 of 3rd period - Raphael Bussieres is hit by Craig Cunningham.
10:55 of 3rd period - Matthew Corrente and Cam Janssen fight to a draw.
10:55 of 3rd period - Penalty to Matthew Corrente for Fighting.
10:55 of 3rd period - Penalty to Cam Janssen for Fighting.
10:55 of 3rd period - Cam Janssen is ejected from game.
10:55 of 3rd period - Penalty to Cam Janssen for instigated a fight.
10:55 of 3rd period - Penalty to Cam Janssen for instigated a fight.
10:56 of 3rd period - Andrew Gordon wins face-off versus Tanner Richard in Monsters zone.
11:13 of 3rd period - Wrist shot by Raphael Bussieres.
11:13 of 3rd period - Stopped by Harri Sateri with a rebound.
11:40 of 3rd period - Icing by Jordan Szwarz.
11:41 of 3rd period - Andrew Gordon wins face-off versus Max Friberg in Monsters zone.
11:58 of 3rd period - Snap shot by Dana Tyrell.
11:58 of 3rd period - Shot Blocked by Farm Player13.
12:00 of 3rd period - Snap shot by Dana Tyrell.
12:00 of 3rd period - Stopped by Farm Player80 with a rebound.
12:51 of 3rd period - Dana Tyrell is hit by Jordan Szwarz and loses puck.
12:55 of 3rd period - Penalty to Cam Janssen is over, Craig Cunningham is send on ice.
13:05 of 3rd period - Icing by Andrew Joudrey.
13:06 of 3rd period - Brodie Dupont wins face-off versus Farm Player39 in Monsters zone.
13:13 of 3rd period - Wrist shot by Matthew Pistilli.
13:13 of 3rd period - Shot Blocked by Andrew Joudrey.
13:15 of 3rd period - Snap shot by Colin Stuart.
13:15 of 3rd period - Shot Misses the Net.
13:27 of 3rd period - Wrist shot by Colin Stuart.
13:27 of 3rd period - Shot Misses the Net.
14:11 of 3rd period - Slapshot by Warren Peters.
14:11 of 3rd period - Stopped by Farm Player80 with a rebound.
14:13 of 3rd period - Snap shot by Ilari Melart.
14:13 of 3rd period - Shot Misses the Net.
15:12 of 3rd period - Minor Penalty to Farm Player33 for Holding.
15:13 of 3rd period - Andrej Nestrasil wins face-off versus Warren Peters in Monsters zone.
15:24 of 3rd period - Slapshot by Andrew Joudrey.
15:24 of 3rd period - Shot Misses the Net.
15:33 of 3rd period - Off-side.
15:34 of 3rd period - Andrej Nestrasil wins face-off versus Danny Hobbs in neutral zone.
15:55 of 3rd period - Penalty to Matthew Corrente is over, Matthew Corrente is back on ice.
16:15 of 3rd period - Andrej Nestrasil is hit by Patrick Wey and loses puck.
16:26 of 3rd period - Snap shot by Colin Stuart.
16:26 of 3rd period - Shot Hit the Post.
16:40 of 3rd period - Wrist shot by Craig Cunningham.
16:40 of 3rd period - Shot Misses the Net.
16:54 of 3rd period - Slapshot by Matthew Corrente.
16:54 of 3rd period - Goal by Matthew Corrente - Aeros : 8 - Monsters : 1.
16:55 of 3rd period - Andrej Nestrasil wins face-off versus Warren Peters in neutral zone.
16:58 of 3rd period - Warren Peters is hit by Matthew Corrente and loses puck.
17:12 of 3rd period - Penalty to Farm Player33 is over, Farm Player33 is back on ice.
17:30 of 3rd period - Mike Ullrich is hit by Matthew Corrente and loses puck.
17:50 of 3rd period - Icing by Matthew Corrente.
17:51 of 3rd period - Raphael Bussieres wins face-off versus Dana Tyrell in Monsters zone.
18:02 of 3rd period - Snap shot by Dana Tyrell.
18:02 of 3rd period - Shot Misses the Net.
18:24 of 3rd period - Jordan Szwarz is hit by Andrew Gordon and loses puck.
19:41 of 3rd period - Wrist shot by Farm Player13.
19:41 of 3rd period - Shot Misses the Net.
19:43 of 3rd period - Slapshot by Matthew Corrente.
19:43 of 3rd period - Stopped by Harri Sateri with a rebound.
Goals for this period are 0 for Aeros vs 1 for Monsters.
Shots for this period are 3 for Aeros vs 8 for Monsters.


Output by the SimonT Hockey Simulator (STHS) for Eric Dolegowski -- Original Page W3C XHTML 1.0 Valid
Hockey Simulator - Hockey Simulation - Hockey Manager